[Event "Late-Titled-Tuesday-Blitz-December-26-2023"]
[Site "Chess.com"]
[Date "2023.12.26"]
[Round "7"]
[White "Kildepiotr"]
[Black "GlavkonVVS"]
[Result "0-1"]
[WhiteElo "2666"]
[BlackElo "2539"]
[TimeControl "180+1"]
[EndTime "15:15:54 PST"]
[Termination "GlavkonVVS won by resignation"]

1. Nf3 Nf6 2. g3 c5 3. Bg2 g6 4.
O-O Bg7 5. c3 Nc6 6. d4 cxd4 7.
cxd4 O-O 8. Nc3 d5 9. Ne5 e6 10. Nxc6 bxc6 11. b3 Ba6 12. Ba3 Re8 13. Na4 Nd7 14.
Rc1 Bb5 15. Nc5 Nxc5 16. Bxc5 e5 17. dxe5 Bxe5 18. Qd2 a5 19. a4 Ba6 20. Rfd1 Rb8 21. Rb1 Bd6 22. Bxd6 Qxd6 23. Qxa5 Bxe2 24. Re1 Bd3 25.
Rb2 Qa3 26. Rbb1 Bxb1 27. Rxb1 Rxb3 28. Rxb3 Qxb3 29. h4 Qd1+ 30. Kh2 Qe1 31. Qb6 Re2 32. Qxc6 Qxf2 33. Qxd5 Ra2 34. a5 Qd2 35. Qa8+ Kg7 36. a6 Qe2 37. a7 Qf2 38. Qd5 Rxa7 39. h5 Qf6 40. Kh3 Ra3 41. Be4 Qe6+ 42. Qxe6 fxe6 43.
hxg6 hxg6 44. Kg4 Kf6 0-1

[Event "Late-Titled-Tuesday-Blitz-December-26-2023"]
[Site "Chess.com"]
[Date "2023.12.26"]
[Round "7"]
[White "aksuliini1"]
[Black "norman927"]
[Result "1-0"]
[WhiteElo "2482"]
[BlackElo "2328"]
[TimeControl "180+1"]
[EndTime "15:15:56 PST"]
[Termination "aksuliini1 won on time"]

1. e4 c5 2. Nf3 e6 3. d4 cxd4 4. Nxd4 Nf6 5. Nc3 Nc6 6. Ndb5 d6 7. Bf4 e5 8. Bg5 a6 9. Bxf6 gxf6 10. Na3 f5 11. Bd3 b5 12. Nd5 Be6 13. O-O Bg7 14. c4 b4 15. Nc2 Bxd5 16. cxd5 Ne7 17. Nxb4 Qb6 18. Qa4+ Kf8 19. exf5 a5 20. Nc6 Nxd5 21. Be4 Nf6 22. Nxe5 Nxe4 23. Qxe4 Bxe5 24. Qxa8+ Ke7 25. Qd5 Qxb2 26. Rab1 Qc2 27. Rb7+ Kd8 28. Qxf7 Qc6 29. Rb8+ 1-0

[Event "Late-Titled-Tuesday-Blitz-December-26-2023"]
[Site "Chess.com"]
[Date "2023.12.26"]
[Round "7"]
[White "Mikhail_Golubev"]
[Black "egnfanclub"]
[Result "1/2-1/2"]
[WhiteElo "2628"]
[BlackElo "2375"]
[TimeControl "180+1"]
[EndTime "15:15:59 PST"]
[Termination "Game drawn by repetition"]

1. e4 e5 2. Nf3 Nc6 3. Bc4 Nf6 4. Ng5 d5 5. exd5 Nd4 6. c3 b5 7. Bf1 Nxd5 8. Nxf7 Kxf7 9. cxd4 exd4 10. Qf3+ Nf6 11.
Bxb5 Qe7+ 12. Qe2 Bb7 13. Bc4+ Kg6 14. O-O Qxe2 15. Bxe2 Re8 16. Bd3+ Kf7 17. Bc4+ Bd5 18. Bxd5+ Nxd5 19. d3 Nb4 20. Bf4 c5 21. Na3 Nxd3 22. Bg3 Nxb2 23. Rab1 Na4 24. Nc4 Nc3 25. Rb7+ Re7 26. Rb8 Re2 27. Rb7+ Re7 28. Rb8 Re8 29. Rb7+ Re7 1/2-1/2

[Event "Late-Titled-Tuesday-Blitz-December-26-2023"]
[Site "Chess.com"]
[Date "2023.12.26"]
[Round "7"]
[White "Doraemon7"]
[Black "BilodeauA"]
[Result "0-1"]
[WhiteElo "2691"]
[BlackElo "2891"]
[TimeControl "180+1"]
[EndTime "15:16:01 PST"]
[Termination "BilodeauA won by resignation"]

1. d4 d5 2. c4 dxc4 3. e3 e5 4. Bxc4 Nc6 5. Nf3 e4 6. Nfd2 Qg5 7. g3 Nf6 8. Nc3 Bf5 9. Qb3 O-O-O 10. h4 Qh6 11. Bb5 Nb4 12. Qd1 Bd6 13. Rg1 Bg4 14.
Qb3 c6 15. Bc4 Rhe8 16. Nf1 Nd3+ 17. Bxd3 exd3 18. Bd2 Qh5 19. Qc4 Bf5 20. g4 Bxg4 21.
Qxd3 Qxh4 22. Ng3 Bxg3 23. Rxg3 h5 24. b4 Rxd4 25. Qf1 Qg5 26. Rc1 Qe5 27. Ne2 Rxd2 28. Kxd2 Ne4+ 29. Kc2 Rd8 30. Nd4 Nxg3 31. fxg3 Qxe3 0-1

[Event "Late-Titled-Tuesday-Blitz-December-26-2023"]
[Site "Chess.com"]
[Date "2023.12.26"]
[Round "7"]
[White "FontVella8"]
[Black "vugarrasulov"]
[Result "0-1"]
[WhiteElo "2773"]
[BlackElo "2934"]
[TimeControl "180+1"]
[EndTime "15:16:03 PST"]
[Termination "vugarrasulov won by resignation"]

1. e4 e5 2. Nc3 Nf6 3. g3 Bc5 4. Bg2 d6 5. h3 a6 6. d3 Nc6 7. Nge2 Be6 8. f4 Nd4 9. f5 Bd7 10. Nxd4 Bxd4 11. Qe2 Qe7 12. Be3 O-O-O 13. g4 h6 14. Qf2 c5 15. Nd1 Bc6 16. c3 Bxe3 17. Nxe3 d5 18. exd5 Nxd5 19. Nxd5 Bxd5 20. Bxd5 Rxd5 21.
O-O-O Rhd8 22. Kc2 e4 23. d4 cxd4 24. cxd4 e3 25.
Qf4 e2 26. Rc1 Kd7 27. Kb1 Ke8 28. Rc7 e1=Q+ 29. Rxe1 Qxe1+ 30. Rc1 Qe2 31. Qg3 Rxd4 32. f6 gxf6 0-1

[Event "Late-Titled-Tuesday-Blitz-December-26-2023"]
[Site "Chess.com"]
[Date "2023.12.26"]
[Round "7"]
[White "MightyGMpretender"]
[Black "MaestroCheck"]
[Result "1-0"]
[WhiteElo "2745"]
[BlackElo "2578"]
[TimeControl "180+1"]
[EndTime "15:16:06 PST"]
[Termination "MightyGMpretender won by checkmate"]

1. d4 d5 2. Nf3 Nf6 3. Bf4 c5 4. c3 Nc6 5. e3 e6 6. Nbd2 Bd6 7. Bb5 cxd4 8. cxd4 Bxf4 9. exf4 O-O 10. Bxc6 bxc6 11. O-O Ba6 12. Re1 Qd6 13. Ne5 c5 14. dxc5 Qxc5 15.
Nb3 Qb6 16. Qd4 Rfc8 17. Qxb6 axb6 18. Nd4 Rc7 19. f3 Kf8 20. a4 Ke7 21. Kf2 Kd6 22. Re3 Rf8 23. Rb3 Rb8 24. a5 b5 25. Nd3 Nd7 26. Nb4 Bc8 27. a6 Ra7 28. Rc3 Nc5 29. Rac1 Nxa6 30. Nbc6 Rc7 31. Nxb8 Rxc3 32. Rxc3 Nxb8 33.
Rxc8 Nd7 34. Rc6+ Ke7 35. Nxb5 Nf6 36. Rc7+ Kd8 37. Rxf7 Ne8 38. Rf8 Ke7 39. Rxe8+ Kxe8 40. Nd4 Kd7 41. g4 Kd6 42. h4 e5 43. fxe5+ Kxe5 44. Ke3 Kd6 45. f4 Kc5 46. h5 Kc4 47. g5 Kb4 48. f5 Kc4 49. f6 gxf6 50. gxf6 Kc5 51. f7 Kb4 52. f8=Q+ Kc4 53. b3+ Kc3 54. Qc5+ Kb2 55. b4 Ka3 56. b5+ Kb2 57. b6 Ka2 58. b7 Ka1 59. b8=Q Ka2 60. Qc2+ Ka3 61. Kd2 h6 62. Qcb3# 1-0

[Event "Late-Titled-Tuesday-Blitz-December-26-2023"]
[Site "Chess.com"]
[Date "2023.12.26"]
[Round "7"]
[White "aranibos"]
[Black "maracayo"]
[Result "0-1"]
[WhiteElo "2160"]
[BlackElo "2390"]
[TimeControl "180+1"]
[EndTime "15:16:06 PST"]
[Termination "maracayo won by resignation"]

1. d4 d6 2. Nf3 Nf6 3. Bg5 Nbd7 4. Nbd2 c6 5. e3 e5 6. Bd3 Be7 7. c3 O-O 8. h4 Re8 9. Qc2 Qc7 10. O-O-O b5 11.
Bxf6 Nxf6 12. Ng5 h6 13. Nxf7 Kxf7 14. Bg6+ Kg8 15. Bxe8 Nxe8 16. dxe5 Be6 17. exd6 Nxd6 18. f3 a5 19. Kb1 a4 20. e4 Nc4 21. Nxc4 bxc4 22. Ka1 a3 23. b3 Bf6 24. b4 Qe5 25. Rc1 Bf7 26. Rhd1 Qb5 27. Rb1 Qe5 28. Rbc1 Bxh4 29.
Qd2 Bg5 0-1

[Event "Late-Titled-Tuesday-Blitz-December-26-2023"]
[Site "Chess.com"]
[Date "2023.12.26"]
[Round "7"]
[White "Rodalquilar"]
[Black "frederiksvane"]
[Result "0-1"]
[WhiteElo "2759"]
[BlackElo "2966"]
[TimeControl "180+1"]
[EndTime "15:16:09 PST"]
[Termination "frederiksvane won on time"]

1. d4 Nf6 2. Nf3 e6 3. Bf4 Be7 4. h3 b6 5. e3 c5 6. c3 O-O 7. Nbd2 d6 8. Bh2 h6 9. a4 Ba6 10. Bb5 Bb7 11. O-O a6 12. Bd3 Nbd7 13. Re1 Bc6 14. Qe2 Qc8 15. Nc4 Ne8 16. e4 cxd4 17.
cxd4 d5 18. Nce5 Nxe5 19. Nxe5 Bb7 20. Rec1 Qd8 21. Nc6 Bxc6 22. Rxc6 dxe4 23. Qxe4 Nf6 24. Qe5 Nd5 25. Qe4 Nf6 26. Qe5 Ra7 27. Rac1 Rd7 28.
Bxa6 Rxd4 29. Bg3 Rxa4 30. Qb5 Rb4 31. Qe2 Bc5 32. Be5 Qd5 33. Rc7 Re4 0-1

[Event "Late-Titled-Tuesday-Blitz-December-26-2023"]
[Site "Chess.com"]
[Date "2023.12.26"]
[Round "7"]
[White "hangemhigh"]
[Black "Fradi82"]
[Result "1-0"]
[WhiteElo "2471"]
[BlackElo "2312"]
[TimeControl "180+1"]
[EndTime "15:16:09 PST"]
[Termination "hangemhigh won by resignation"]

1. d4 Nf6 2. Nc3 d5 3. Bf4 c6 4.
Nf3 Bf5 5. e3 e6 6. Ne5 Nbd7 7.
g4 Bg6 8. h4 Nxe5 9. dxe5 Ne4 10. Nxe4 Bxe4 11. f3 Qa5+ 12. c3 Qb6 13. fxe4 Qxb2 14.
exd5 Qxc3+ 15. Kf2 exd5 16. Rb1 Bc5 17. Rb3 Qa5 18. Rxb7 O-O 19. Qb3 Qd2+ 20. Be2 d4 21. Rd1 dxe3+ 22. Bxe3 Bxe3+ 23. Qxe3 Qxa2 24. Rdd7 Rae8 25. Kg3 Qd5 26. Rxd5 1-0

[Event "Late-Titled-Tuesday-Blitz-December-26-2023"]
[Site "Chess.com"]
[Date "2023.12.26"]
[Round "7"]
[White "GMJustin"]
[Black "giomar27"]
[Result "0-1"]
[WhiteElo "2231"]
[BlackElo "2398"]
[TimeControl "180+1"]
[EndTime "15:16:11 PST"]
[Termination "giomar27 won on time"]

1. d4 g6 2. e4 Bg7 3. Nc3 d6 4. Nf3 a6 5. Bd3 b6 6. O-O Bb7 7. Be3 e6 8. Qd2 Nd7 9. d5 e5 10. b4 Ngf6 11. Bh6 O-O 12. Ne2 Nh5 13. c4 f5 14.
exf5 gxf5 15. Bxg7 Nxg7 16. Bc2 Qf6 17. g3 Rae8 18.
Nh4 e4 19. Nf4 Ne5 20. Kh1 Bc8 21. Qe2 Kh8 22. Rac1 Ng6 23. Nhg2 Bd7 24. Bb3 Ne5 25. c5 Bb5 26. Qe3 Ng4 27. Qd2 Bxf1 28. Rxf1 bxc5 29.
bxc5 dxc5 30. Ne3 Ne5 31. Qc3 Nf3 32. Qxc5 Qh6 33. h3 Nh5 34. Ne6 Nxg3+ 35. Kg2 Ne2 36.
Nxf8 Nf4+ 0-1

[Event "Late-Titled-Tuesday-Blitz-December-26-2023"]
[Site "Chess.com"]
[Date "2023.12.26"]
[Round "7"]
[White "mightysmasher"]
[Black "cthulhuuu"]
[Result "1-0"]
[WhiteElo "2577"]
[BlackElo "2452"]
[TimeControl "180+1"]
[EndTime "15:16:13 PST"]
[Termination "mightysmasher won on time"]

1. e4 d6 2. d4 Nf6 3. Nc3 c6 4.
Nf3 Bg4 5. Be2 e6 6. O-O d5 7. e5 Nfd7 8. h3 Bh5 9. Re1 c5 10.
Be3 Bxf3 11. Bxf3 cxd4 12. Bxd4 Nc6 13. Nb5 a6 14. Nd6+ Bxd6 15. exd6 Nxd4 16. Qxd4 O-O 17. c4 Qf6 18. Qxf6 Nxf6 19. cxd5 exd5 20. Rad1 Rad8 21. Bxd5 Rxd6 22. Bxf7+ Kxf7 23. Rxd6 Rc8 24. Rde6 Rc7 25. b4 h5 26. a4 h4 27. b5 axb5 28. axb5 g5 29.
Rd6 g4 30. hxg4 Nxg4 31. b6 Rc2 32. Rd7+ Kg6 33. f3 Nf6 34. Rxb7 h3 35. gxh3 Nh5 36.
Rc7 Rb2 37. Rc6+ Kg5 38. Re5+ Kh4 39. Rc4+ Kg3 40. Rg4+ Kxf3 41. Rxh5 Rb1+ 42. Kh2 Rb2+ 43. Kh1 Rxb6 44. Rf5+ Ke3 45. Rg2 Rb1+ 46. Kh2 Ke4 47. Rfg5 Kf4 48. h4 Kf3 49. h5 Rb4 50. R5g3+ Kf4 51. Rg4+ 1-0

[Event "Late-Titled-Tuesday-Blitz-December-26-2023"]
[Site "Chess.com"]
[Date "2023.12.26"]
[Round "7"]
[White "Mystery2007"]
[Black "rhungaski"]
[Result "0-1"]
[WhiteElo "2566"]
[BlackElo "2494"]
[TimeControl "180+1"]
[EndTime "15:16:14 PST"]
[Termination "rhungaski won by resignation"]

1. b3 d5 2. Bb2 c5 3. e3 Nc6 4. Bb5 Bd7 5. Bxc6 Bxc6 6. Nf3 e6 7. Ne5 Rc8 8. d3 Nf6 9. Nd2 Be7 10. O-O O-O 11.
f4 d4 12. e4 Be8 13. a4 b6 14.
Kh1 Nd7 15. Nef3 f5 16. Qe2 Bh5 17. Rae1 Bf6 18. exf5 exf5 19. Qe6+ Kh8 20. Qxf5 Bxf3 21. Nxf3 Bh4 22. Qh3 Bxe1 23. Ng5 Qxg5 24. Qxd7 Qh4 25. Kg1 Bd2 26. g3 Qd8 27. Qxa7 Be3+ 28. Kg2 Qd5+ 29. Rf3 g5 30. c4 Qc6 31. h3 gxf4 32. g4 Rc7 33.
Qa6 Ra8 0-1

[Event "Late-Titled-Tuesday-Blitz-December-26-2023"]
[Site "Chess.com"]
[Date "2023.12.26"]
[Round "7"]
[White "Skatchkov_V"]
[Black "liczner"]
[Result "0-1"]
[WhiteElo "2590"]
[BlackElo "2936"]
[TimeControl "180+1"]
[EndTime "15:16:20 PST"]
[Termination "liczner won by resignation"]

1. d4 Nf6 2. c4 g6 3. Nc3 d5 4. Nf3 Bg7 5. Bg5 Ne4 6. Bf4 Nxc3 7. bxc3 c5 8. e3 O-O 9. cxd5 cxd4 10. cxd4 Qxd5 11. Be2 Nc6 12. O-O Bf5 13. Qa4 Qa5 14. Qb3 Qb4 15. Rfc1 Qxb3 16. axb3 Rfc8 17. h3 a6 18. g4 Bd7 19. Rc5 Bf8 20. Rc3 Nb4 21. Rac1 Rxc3 22. Rxc3 Nd5 23. Rc4 Nxf4 24. exf4 Bb5 25.
Rc2 Bxe2 26. Rxe2 Rc8 27. Kf1 e6 28. Re3 b5 29. Ke2 Rc2+ 30. Kf1 a5 31. Re5 a4 32.
Rxb5 a3 33. Ra5 Bb4 34. Ra8+ Kg7 35. Ne5 a2 0-1

[Event "Late-Titled-Tuesday-Blitz-December-26-2023"]
[Site "Chess.com"]
[Date "2023.12.26"]
[Round "7"]
[White "Msb2"]
[Black "baag"]
[Result "1-0"]
[WhiteElo "3010"]
[BlackElo "2841"]
[TimeControl "180+1"]
[EndTime "15:16:23 PST"]
[Termination "Msb2 won by resignation"]

1. d4 Nf6 2. c4 e6 3. Nc3 Bb4 4. e3 O-O 5. Bd2 c5 6. a3 Bxc3 7. Bxc3 Ne4 8. Ne2 b6 9. d5 Ba6 10. Qd3 exd5 11. Qxd5 Qe7 12. b3 Nc6 13. Bb2 Rae8 14.
Ng3 Nxf2 15. Nf5 Qe4 16. Bxg7 Nxh1 17. Bf6 h5 18. Nh6+ Kh7 19. Bd3 Qxd3 20. Qxd3+ Kxh6 21. Qf5 Rg8 22. O-O-O Rxg2 23. Rxh1 Na5 24. Bc3 Nxb3+ 25. Kb1 Re6 26. Qxf7 Bb7 27. Qf8+ Kg5 28. h4+ Kg6 29. Qg7+ Kf5 30. Rf1+ 1-0

[Event "Late-Titled-Tuesday-Blitz-December-26-2023"]
[Site "Chess.com"]
[Date "2023.12.26"]
[Round "7"]
[White "KejJaj"]
[Black "Inepton_Fermion"]
[Result "1-0"]
[WhiteElo "2164"]
[BlackElo "2409"]
[TimeControl "180+1"]
[EndTime "15:16:26 PST"]
[Termination "KejJaj won by checkmate"]

1. d4 g6 2. Nc3 Bg7 3. e4 d6 4. Bf4 c6 5. Nf3 Nd7 6. Qd2 b5 7. O-O-O Nb6 8. h4 h6 9. Bd3 Bg4 10. Rhe1 a6 11. e5 Bxf3 12. gxf3 d5 13. e6 f5 14. Be5 Nf6 15. Rg1 Nc4 16. Bxc4 bxc4 17. Rxg6 Bf8 18. Bxf6 exf6 19. Re1 Be7 20. Qf4 Qa5 21. Reg1 O-O-O 22. Kb1 Kb7 23. Rg7 Rhe8 24. Qxh6 Ka8 25. Qh7 Rb8 26. Nd1 Ba3 27. Ra7# 1-0

[Event "Late-Titled-Tuesday-Blitz-December-26-2023"]
[Site "Chess.com"]
[Date "2023.12.26"]
[Round "7"]
[White "Schwindle"]
[Black "VitorBronson"]
[Result "1-0"]
[WhiteElo "2403"]
[BlackElo "2528"]
[TimeControl "180+1"]
[EndTime "15:16:27 PST"]
[Termination "Schwindle won by resignation"]

1. e4 c5 2. Nf3 d6 3. d4 cxd4 4. Nxd4 Nf6 5. Nc3 a6 6. Be3 e5 7. Nb3 Be6 8. f3 h5 9. Qd2 Nbd7 10. Nd5 Bxd5 11. exd5 g6 12. O-O-O Bg7 13. Kb1 O-O 14. h3 Re8 15. g4 e4 16. g5 Nh7 17. f4 a5 18. a4 b6 19. Nd4 Nc5 20. Nc6 Qd7 21.
Bb5 Qc7 22. f5 Nf8 23. f6 Bh8 24. Ne7+ Rxe7 25. fxe7 Qxe7 26. Rhf1 Nfd7 27. Bd4 Ne5 28. Qe3 Bg7 29. Rf2 Rc8 30. Rdf1 Rc7 31. Bc6 Nxc6 32. dxc6 Bxd4 33. Qxd4 Qe8 34. Qxd6 Rxc6 35. Qd4 Rc7 36. Rf6 Nxa4 37. Rd6 Rc8 38. Rd7 e3 39. Rfxf7 Qxf7 40. Rxf7 Kxf7 41. Qd7+ Kf8 42. Qxc8+ 1-0

[Event "Late-Titled-Tuesday-Blitz-December-26-2023"]
[Site "Chess.com"]
[Date "2023.12.26"]
[Round "7"]
[White "AkatsukiLogHorizon"]
[Black "Tunahan_Makaraci"]
[Result "0-1"]
[WhiteElo "2235"]
[BlackElo "2506"]
[TimeControl "180+1"]
[EndTime "15:16:28 PST"]
[Termination "Tunahan_Makaraci won by resignation"]

1. e4 c5 2. Nf3 Nc6 3. d4 cxd4 4. Nxd4 g6 5. Nc3 Bg7 6. Be3 Nf6 7. Bc4 O-O 8. Bb3 d6 9. f3 Bd7 10. Qd2 Rc8 11. O-O-O Nxd4 12. Bxd4 b5 13. h4 a5 14.
a4 bxa4 15. Bxa4 Bxa4 16. Nxa4 Rc4 17. b3 Nxe4 18. fxe4 Rxd4 19. Qe3 Rb4 20. h5 Qc7 21. hxg6 hxg6 22. Kd2 Rc8 23. Rc1 Qc6 24. c4 Rcb8 25. Rb1 Qd7 26. Kc2 Qe6 27. Nc3 a4 28.
Nxa4 Rxb3 29. Rbc1 Qxc4+ 0-1

[Event "Late-Titled-Tuesday-Blitz-December-26-2023"]
[Site "Chess.com"]
[Date "2023.12.26"]
[Round "7"]
[White "IgorBjelobrk"]
[Black "nickmatta"]
[Result "0-1"]
[WhiteElo "2661"]
[BlackElo "2544"]
[TimeControl "180+1"]
[EndTime "15:16:29 PST"]
[Termination "nickmatta won on time"]

1. d4 Nf6 2. c4 g6 3. Nc3 d5 4. Nf3 Bg7 5. h4 O-O 6. cxd5 Nxd5 7. h5 c5 8. hxg6 hxg6 9. Bh6 cxd4 10. Bxg7 Kxg7 11.
Qxd4+ Nf6 12. Qe3 Ng4 13. Qf4 Qb6 14. O-O-O Qxf2 15. Nd5 Be6 16. Nc7 Rc8 17. Kb1 Bf5+ 18.
Ka1 e5 19. Rh7+ Kxh7 20. Ng5+ Kg7 21. Qc4 Bd7 22. a3 Ne3 23. Qc5 Nxd1 24. Qxe5+ Qf6 0-1

[Event "Late-Titled-Tuesday-Blitz-December-26-2023"]
[Site "Chess.com"]
[Date "2023.12.26"]
[Round "7"]
[White "Fore_Man"]
[Black "Grammnik"]
[Result "0-1"]
[WhiteElo "2379"]
[BlackElo "2226"]
[TimeControl "180+1"]
[EndTime "15:16:31 PST"]
[Termination "Grammnik won by resignation"]

1. Nf3 Nf6 2. d4 d5 3. g3 c6 4.
Bg2 Bf5 5. O-O e6 6. b3 Nbd7 7.
c4 Be7 8. Bb2 O-O 9. Nbd2 a5 10.
Nh4 Bg6 11. Nxg6 hxg6 12. e4 Nxe4 13. Nxe4 dxe4 14. Bxe4 Nf6 15. Bg2 a4 16. Qd2 Qd7 17.
Rfd1 Rfd8 18. Qe2 Qc7 19. Rac1 axb3 20. axb3 Ra2 21. Ra1 Rda8 22. Rxa2 Rxa2 23. Ra1 Qa5 24. Qd1 Bb4 25. Qb1 Rxa1 26. Qxa1 Qxa1+ 27. Bxa1 Kf8 28. Kf1 Ke7 29. Ke2 Kd7 30. h3 b5 31. Kd3 bxc4+ 32. bxc4 Bd6 33. Bc3 Be7 34. Ba5 Bd6 35. Bb6 Be7 36. g4 g5 37. Ba5 Ne8 38. Bd2 Nc7 39. Ke4 Ne8 40. Bf1 Nd6+ 41. Kd3 Bf6 42. Be2 Nc8 43. Bb4 Ne7 44. Bd1 Ng6 45. Ke4 Ne7 46.
Ba4 Kc7 47. Bc5 Kd7 48. Kd3 Ng6 49. d5 exd5 50. cxd5 Nf4+ 51. Ke4 Nxd5 52. Bb3 Ke6 53. Ba4 Nc3+ 54. Kd3 Nxa4 55. Be3 Kd5 0-1

[Event "Late-Titled-Tuesday-Blitz-December-26-2023"]
[Site "Chess.com"]
[Date "2023.12.26"]
[Round "7"]
[White "Dewarfd"]
[Black "The_Straightforward_Rook"]
[Result "0-1"]
[WhiteElo "2109"]
[BlackElo "2416"]
[TimeControl "180+1"]
[EndTime "15:16:32 PST"]
[Termination "The_Straightforward_Rook won on time"]

1. d4 d5 2. e3 Nf6 3. Nf3 Bg4 4. h3 Bh5 5. g4 Bg6 6. Ne5 Nbd7 7. h4 h5 8. Nxg6 fxg6 9. Bd3 Kf7 10. g5 Ne4 11. Qf3+ Kg8 12. Nd2 e5 13. Nxe4 dxe4 14. Qxe4 Qe8 15. Qxg6 Qxg6 16. Bxg6 exd4 17. exd4 Bd6 18. Be3 Nb6 19. O-O-O Nc4 20. Bf5 Re8 21.
Rhe1 Kf7 22. Bd2 Nxd2 23. Kxd2 g6 24. Bd3 Bf4+ 25. Kc3 c6 26. a3 Kg7 27. b4 Rhf8 28.
b5 Bd6 29. Kb3 Rxe1 30. Rxe1 Rxf2 31. bxc6 bxc6 32. Re6 Bg3 33. Rxg6+ Kf7 34. Rh6 Bxh4 35. Rxh5 Rf4 36. g6+ Kg8 0-1

[Event "Late-Titled-Tuesday-Blitz-December-26-2023"]
[Site "Chess.com"]
[Date "2023.12.26"]
[Round "7"]
[White "Korchmar_Vasiliy"]
[Black "Shankland"]
[Result "0-1"]
[WhiteElo "2798"]
[BlackElo "2956"]
[TimeControl "180+1"]
[EndTime "15:16:38 PST"]
[Termination "Shankland won on time"]

1. e4 c5 2. d4 cxd4 3. Qxd4 Nc6 4. Qd3 g6 5. Nc3 Bg7 6. Nf3 d6 7. Be2 Nf6 8. O-O Bd7 9. Nd5 Rc8 10. c3 h6 11. Be3 Ng4 12. Bc1 O-O 13. h3 Nge5 14.
Nxe5 Nxe5 15. Qg3 e6 16. Nb4 a5 17. Nc2 Bc6 18. f3 b5 19. Be3 b4 20. cxb4 Bxe4 21.
Nd4 Bd5 22. bxa5 Qxa5 23. Kh1 Nc4 24. Bxc4 Rxc4 25. Rfd1 Qa6 26. Qf2 Rfc8 27. b3 Rc3 28. Qd2 Kh7 29. Rac1 Rxc1 30. Rxc1 Rxc1+ 31. Qxc1 Qxa2 32. b4 Qa4 33. Qb1 e5 34. Ne2 e4 35. fxe4 Bc4 36. Nd4 Qa3 37. Bg1 Bd3 38. Qb3 Qxb3 39. Nxb3 Bxe4 40. b5 Bc3 41. b6 Kg7 42. Bd4+ Bxd4 43.
Nxd4 Kf6 44. Nb3 Ke7 45. Na5 Kd7 46. Kg1 Bd5 47. Kf2 h5 48. h4 f6 49. g3 g5 50.
Ke3 Bh1 51. Kf2 d5 52. Ke3 Be4 53.
Kd4 gxh4 54. gxh4 f5 55. Ke5 Kc8 0-1

[Event "Late-Titled-Tuesday-Blitz-December-26-2023"]
[Site "Chess.com"]
[Date "2023.12.26"]
[Round "7"]
[White "PawnStorn"]
[Black "INLOVEWITHF"]
[Result "0-1"]
[WhiteElo "2380"]
[BlackElo "2536"]
[TimeControl "180+1"]
[EndTime "15:16:38 PST"]
[Termination "INLOVEWITHF won by resignation"]

1. c4 e5 2. Nc3 Nf6 3. Nf3 Nc6 4. g3 d5 5. cxd5 Nxd5 6. Bg2 Nf6 7. d3 h6 8. O-O Bd6 9. a3 a5 10. d4 exd4 11. Nxd4 Nxd4 12. Qxd4 O-O 13. Rd1 Re8 14. Bf4 Re6 15. Bh3 Re7 16. Bxc8 Qxc8 17. Bxd6 Qh3 18. Bxe7 Ng4 19. Qxg4 Qxg4 20. Rd8+ Rxd8 21. Bxd8 Qc4 22. Rd1 b5 23. e3 b4 24. axb4 axb4 25. Nd5 c5 26. Bb6 Qc2 27. Ra1 Qxb2 28. Ra8+ Kh7 29.
h4 Qc1+ 30. Kh2 Qd2 31. Nf4 Qxf2+ 32. Kh3 f5 33. Bxc5 Qg1 34. Ra2 b3 35. Rb2 Qh1+ 36. Rh2 Qf1+ 37. Rg2 b2 38. Kh2 b1=Q 0-1

[Event "Late-Titled-Tuesday-Blitz-December-26-2023"]
[Site "Chess.com"]
[Date "2023.12.26"]
[Round "7"]
[White "BeardedNM"]
[Black "b_6"]
[Result "0-1"]
[WhiteElo "2169"]
[BlackElo "2384"]
[TimeControl "180+1"]
[EndTime "15:16:38 PST"]
[Termination "b_6 won by resignation"]

1. e4 e6 2. d4 d5 3. e5 c5 4. c3 Nc6 5. Nf3 Qb6 6. a3 Nh6 7.
b4 cxd4 8. cxd4 Nf5 9. Be3 f6 10.
exf6 gxf6 11. Bd3 Nxe3 12. fxe3 Bd6 13. O-O O-O 14. Nc3 a6 15. Nh4 Qc7 16. Qh5 Qg7 17. Rf3 Bd7 18. Raf1 Be8 19. Bxh7+ Qxh7 20. Qg4+ Kh8 21.
Qxe6 Qd7 22. Qxd7 Bxd7 23. Ng6+ Kg7 24. Nxf8 Rxf8 25. Nxd5 f5 26. g4 fxg4 27. Rxf8 Bxf8 28. e4 Nxd4 29. Rc1 Ne2+ 0-1

[Event "Late-Titled-Tuesday-Blitz-December-26-2023"]
[Site "Chess.com"]
[Date "2023.12.26"]
[Round "7"]
[White "Szparu"]
[Black "SlipperySpeedster"]
[Result "1-0"]
[WhiteElo "2906"]
[BlackElo "2649"]
[TimeControl "180+1"]
[EndTime "15:16:41 PST"]
[Termination "Szparu won by checkmate"]

1. e4 e5 2. Nf3 Nf6 3. Nc3 Nc6 4.
Bb5 Bc5 5. O-O O-O 6. Nxe5 Nxe5 7. d4 Bd6 8. f4 Ng6 9. e5 c6 10.
Bd3 Bc7 11. exf6 Qxf6 12. Ne2 d5 13. f5 Ne7 14. Bf4 Bb6 15. g4 Bxd4+ 16. Kh1 Be5 17.
Qd2 c5 18. Ng3 c4 19. Bxe5 Qxe5 20. Rae1 Qd6 21. Bxc4 Bd7 22. Bb3 Bc6 23. Qd4 Rfe8 24. Nh5 Qh6 25. f6 Ng6 26. fxg7 Rxe1 27. Rxe1 Qg5 28.
Nf6+ Kxg7 29. Ne8+ Kf8 30. Qg7# 1-0

[Event "Late-Titled-Tuesday-Blitz-December-26-2023"]
[Site "Chess.com"]
[Date "2023.12.26"]
[Round "7"]
[White "GiorgianBarbosa"]
[Black "youngdinousaur"]
[Result "1-0"]
[WhiteElo "2508"]
[BlackElo "2306"]
[TimeControl "180+1"]
[EndTime "15:16:44 PST"]
[Termination "GiorgianBarbosa won by resignation"]

1. c4 Nf6 2. g3 e6 3. Bg2 d5 4. Nf3 Be7 5. O-O O-O 6. d4 dxc4 7. Qc2 a6 8. a4 Bd7 9. Ne5 Nc6 10. Nxd7 Qxd7 11.
e3 b5 12. axb5 axb5 13. Rxa8 Rxa8 14. b3 Nb4 15. Qd1 Ra1 16. Bb2 Ra2 17. Bc3 h6 18.
bxc4 bxc4 19. Nd2 Nfd5 20. Bxb4 Nxb4 21. Nxc4 c5 22. Ne5 Qa7 23. d5 Nxd5 24. Bxd5 exd5 25.
Qxd5 Bf6 26. Nd7 Bb2 27. Nxc5 Ra1 28. Rxa1 Qxa1+ 29. Kg2 Bf6 30. Ne4 g6 31. h4 h5 32.
Qd6 Be5 33. Qd8+ Kg7 34. Qd5 Bf6 35. Nd6 Qa7 36. Ne8+ 1-0

[Event "Late-Titled-Tuesday-Blitz-December-26-2023"]
[Site "Chess.com"]
[Date "2023.12.26"]
[Round "7"]
[White "katharinareinecke"]
[Black "nassimzrikem"]
[Result "0-1"]
[WhiteElo "2012"]
[BlackElo "2253"]
[TimeControl "180+1"]
[EndTime "15:16:44 PST"]
[Termination "nassimzrikem won on time"]

1. e4 e5 2. Nc3 Nf6 3. f4 exf4 4.
e5 Qe7 5. Qe2 Ng8 6. d4 Nc6 7.
Nf3 d6 8. Bxf4 dxe5 9. dxe5 Be6 10. O-O-O Rd8 11. g3 Rxd1+ 12. Qxd1 Qd8 13. Bb5 Bb4 14. Qxd8+ Kxd8 15. Bxc6 bxc6 16. Rd1+ Kc8 17. Nd4 Ne7 18. Nxe6 fxe6 19. Ne4 h6 20. c3 Ba5 21. Nc5 g5 22.
Bd2 Ng6 23. Re1 Re8 24. b4 Bb6 25. a4 Bxc5 26. bxc5 Rf8 27. Re2 Rf3 28. Kc2 Ne7 29. c4 Nf5 30. Bc3 Rf1 31. Rd2 g4 32. Kb3 h5 33. Kb4 Ne3 34. Rd4 Nc2+ 35. Ka5 Nxd4 36.
Bxd4 Rh1 37. Ka6 Rxh2 38. a5 Rg2 39. Kxa7 Rxg3 40. a6 Ra3 0-1

[Event "Late-Titled-Tuesday-Blitz-December-26-2023"]
[Site "Chess.com"]
[Date "2023.12.26"]
[Round "7"]
[White "Predator0608"]
[Black "Rafael_Ventura"]
[Result "1-0"]
[WhiteElo "2538"]
[BlackElo "2376"]
[TimeControl "180+1"]
[EndTime "15:16:45 PST"]
[Termination "Predator0608 won by checkmate"]

1. f4 d5 2. Nf3 g6 3. g3 Bg7 4. Bg2 Nh6 5. O-O O-O 6. d3 d4 7. c3 c5 8. e4 dxe3 9. Bxe3 Qc7 10. Qe2 b6 11. d4 Bb7 12. Nbd2 Ng4 13. Rae1 Nxe3 14.
Qxe3 cxd4 15. Nxd4 Bxg2 16. Kxg2 e6 17. g4 Nc6 18.
N4f3 Rad8 19. Ne4 Ne7 20. Nh4 Nd5 21. Qf3 e5 22. f5 Nf4+ 23. Kh1 Qe7 24. g5 gxf5 25.
Nxf5 Qe6 26. Qg4 Rd3 27. Rxf4 exf4 28. Nf6+ Kh8 29. Rxe6 fxe6 30. Nxg7 f3 31. Kg1 Kxg7 32. Qh5 Rh8 33. Qh6+ Kf7 34. g6+ Kxf6 35. g7+ Kf5 36.
gxh8=Q Ke4 37. Qxe6+ Kf4 38. Qhf6# 1-0